 Dungeon Crawl Stone Soup version 0.28.0-53-g5a82cb258f (webtiles) character file.

Game seed: 16235021652064343378

119 Ijustatesigmund the Stinger (level 5, 0/31 HPs)
             Began as an Octopode Venom Mage on July 18, 2022.
             Succumbed to an adder's poison
             ... on level 3 of the Dungeon.
             The game lasted 00:07:27 (3993 turns).

Ijustatesigmund the Stinger (Octopode Venom Mage)   Turns: 3993, Time: 00:07:28

Health: 0/31       AC:  1    Str:  8    XL:     5   Next: 3%
Magic:  6/9        EV: 13    Int: 19    God:
Gold:   102        SH:  0    Dex: 12    Spells: 3/9 levels left

rFire   . . .      SeeInvis .   a - +0 mace
rCold   . . .      Faith    .   (no shield)
rNeg    . . .      Spirit   .   (helmet restricted)
rPois   .          Reflect  .   (no amulet)
rElec   .          Harm     .   (no ring)
rCorr   .          Rampage  .   (no ring)
Will    .....                   (no ring)
Stlth   +++.......              (no ring)
HPRegen 0.10/turn               (no ring)
MPRegen 0.11/turn               (no ring)
                                (no ring)
                                (no ring)

@: lethally poisoned (0 -> -3)
A: almost no armour, amphibious, 8 rings, camouflage 1, gelatinous body 1,
(nimble swimmer 1), tentacles
a: no special abilities


You were on level 3 of the Dungeon.
You visited 1 branch of the dungeon, and saw 3 of its levels.

You collected 102 gold pieces.

Inventory:

Hand Weapons
 a - a +0 mace (weapon)
Missiles
 c - 3 atropa-tipped darts
Magical Staves
 b - a staff of earth


   Skills:
 + Level 0.3 Fighting
 + Level 2.0 Dodging
 - Level 2.6 Stealth
 - Level 2.7 Spellcasting
 + Level 1.0 Conjurations
 - Level 2.4 Transmutations
 - Level 1.8 Air Magic
 - Level 4.3 Poison Magic


You had 3 spell levels left.
You knew the following spells:

 Your Spells              Type           Power      Damage    Failure   Level
a - Sting                 Tmut/Pois      60%        1d6       4%          1
b - Poisonous Vapours     Pois/Air       28%        N/A       7%          2
c - Mephitic Cloud        Conj/Pois/Air  11%        N/A       17%         3

Your spell library contained the following spells:

 Spells                   Type           Power      Damage    Failure   Level
 Slow                     Hex            8%         N/A       16%         1
 Confusing Touch          Hex            2%         N/A       43%         3
 Portal Projectile        Hex/Tloc       4%         N/A       43%         3
 Vampiric Draining        Necr           2%         2d6       43%         3
 Olgreb's Toxic Radiance  Pois           19%        N/A       26%         4
 Blade Hands              Tmut           5%         N/A       85%         5
 Excruciating Wounds      Necr           1%         N/A       99%         5


Dungeon Overview and Level Annotations

Branches:
Dungeon (3/15)

Altars:
Dithmenos
Hepliaklqana

Shops:
D:1 =


Innate Abilities, Weirdness & Mutations

You cannot wear most types of armour.
You are amphibious.
You can wear up to eight rings at the same time.
Your skin changes colour to match your surroundings (Stealth+).
Your rubbery body absorbs attacks. (AC +1, EV +1)
((You are camouflaged when in or above water. (Stealth+)))
You have tentacles for arms and can constrict up to eight enemies at once.


Message History

Press: ? - help, Shift-Dir - straight line, f/p - adder
Aim: an adder (poisoned, 57% to hit)
The sting misses the adder.
You closely miss the adder. Your grab misses the adder. The adder bites you. x2
You hit the adder. Your grab misses the adder.
The adder is moderately wounded.
The adder closely misses you. The adder bites you.
You miss the adder. Your grab misses the adder.
The adder is moderately wounded.
The adder looks more healthy.
The adder barely misses you. The adder bites you.
You are poisoned.
The adder poisons you!
You closely miss the adder. You grab the adder. You squeeze the adder.
The adder is severely wounded.
You constrict the adder.
You feel sick. The adder bites you.
You are lethally poisoned!
The adder poisons you! The adder bites you.
You are too injured to fight recklessly!
You are too injured to fight recklessly!
You are too injured to fight recklessly!
You hit the adder but do no damage.
The adder is almost dead.
You constrict the adder.
You kill the adder!
* * * LOW HITPOINT WARNING * * *
You feel very sick.
A worm comes into view.
Your Conjurations skill increases to level 1!
You have reached level 5!
You feel stronger.
* * * LOW HITPOINT WARNING * * *
You feel sick.
* * * LOW HITPOINT WARNING * * *
You feel sick.
* * * LOW HITPOINT WARNING * * *
You feel sick.
* * * LOW HITPOINT WARNING * * *
You feel sick.
You aren't carrying any potions.
You die...

##..# #. #...### ..
#######.....# ...
##.........#.# ###.
#...w.†...##.# #.
#..#..####..#.######.#
#. # #.##
##.#........# ## #..
#.#..####### #..
#.@..### # ##g
#......# # ##
#.....#.######### #
.....#..#.........# #
#.##.#..#########.####
#.. #.#..# #....# ...
..#... ####.# ##
.##.### #.####.# #.
#.......


There were no monsters in sight!

Vanquished Creatures
  An orc wizard (D:2)
  4 adders
  3 dart slugs
  4 orcs (D:3)
  3 ball pythons
  3 bats
  6 endoplasms
  2 giant cockroaches
  7 goblins
  3 hobgoblins
  A quokka (D:2)
  4 frilled lizards
  4 kobolds
  3 rats
48 creatures vanquished.

Notes
Turn   | Place    | Note
-------+----------+-------------------------------------------
     0 | D:1      | Ijustatesigmund the Octopode Venom Mage began the quest for
                  | the Orb.
     0 | D:1      | Reached XP level 1. HP: 11/11 MP: 3/3
   377 | D:1      | Reached XP level 2. HP: 17/17 MP: 1/5
   380 | D:1      | Learned a level 2 spell: Poisonous Vapours
   611 | D:1      | Found Fuuplaem's Jewellery Boutique.
   741 | D:1      | Found a faded altar of an unknown god.
  1122 | D:2      | Reached skill level 4 in Poison Magic
  1249 | D:2      | Reached XP level 3. HP: 20/21 MP: 6/6
  1275 | D:2      | Reached skill level 1 in Air Magic
  1618 | D:2      | Found a hazy altar of Hepliaklqana.
  1959 | D:2      | Reached XP level 4. HP: 27/27 MP: 4/7
  1991 | D:2      | Identified the +4 plate armour of Philately {Str+3 Int-3
                  | Dex+3 Stlth+}
  2674 | D:3      | Learned a level 3 spell: Mephitic Cloud
  2675 | D:3      | Found a shadowy altar of Dithmenos.
  2744 | D:3      | HP: 1/27 [orc/+0 whip (5)]
  3989 | D:3      | Reached skill level 1 in Conjurations
  3989 | D:3      | Reached XP level 5. HP: 6/31 MP: 6/9
  3992 | D:3      | HP: 1/31 [poisoned by an adder]
  3993 | D:3      | Succumbed to an adder's poison

Illustrated notes

Levels and vault maps discovered:
D:1:      dpeg_arrival_solitude, layout_basic,
          shapermc_ecumenical_altar_mp_vishouse, serial_shops,
          nicolae_shop_window_shopping, hex_tiny
D:2:      kb_forest_paths, layout_loops_corners, basic_altar
D:3:      layout_loops_ring, nicolae_dithmenos_the_darkroom,
          minmay_misc_feat_more_columns, minmay_close_crescents

Skill      XL: |  1  2  3  4 |
---------------+-------------+-----
Poison Magic   | 4 |  4.3
Air Magic      | 1 |  1.8
Transmutations | 2 |  2.4
Conjurations   | 1 |  1.0
Fighting       | |  0.3
Dodging        | |  2.0
Stealth        | |  2.6
Spellcasting   | |  2.7

Action                   |  1- 3 |  4- 6 || total
-------------------------+-------+-------++-------
Melee: Mace              |    25 |    25 ||    50
       Constrict         |     6 |     9 ||    15
       Tentacles         |     3 |     5 ||     8
 Cast: Sting             |    30 |    18 ||    48
       Poisonous Vapours |     1 |     8 ||     9
  Use: Scroll            |     3 |     2 ||     5
       Potion            |     3 |     2 ||     5
Armor: Skin              |     1 |     4 ||     5
Dodge: Dodged            |    22 |    19 ||    41
